 Dungeon Crawl Stone Soup version 0.19.4-9-g45fd643 (webtiles) character file.

26 imbaray the Sneak (level 3, -1/18 HPs)
             Began as a Vine Stalker Assassin on Feb 18, 2017.
             Slain by a worm (6 damage)
             ... on level 1 of the Dungeon.
             The game lasted 00:01:20 (542 turns).

imbaray the Sneak (Vine Stalker Assassin)            Turns: 542, Time: 00:01:21

Health: -1/18      AC:  3    Str: 13    XL:     3   Next: 8%
Magic:  0/4        EV: 11    Int: 12    God:
Gold:   49         SH:  8    Dex: 15    Spells: 0 memorised, 2 levels left

rFire  . . .     SeeInvis .     a - +2 dagger
rCold  . . .     Gourm    .     c - +0 robe
rNeg   . . .     Faith    .     m - +0 buckler
rPois  .         Spirit   +     (no helmet)
rElec  .         Reflect  +     d - +0 cloak
rCorr  .         Harm     .     (no gloves)
MR     .....                    (no boots)
Stlth  +++.......               k - +4 amulet of reflection
                                (no ring)
                                (no ring)

@: no status effects
A: fangs 2, magic shield, antimagic bite, no device heal 3, rot immunity
a: no special abilities


You were on level 1 of the Dungeon.
You were not hungry.

You visited 1 branch of the dungeon, and saw 1 of its levels.

You collected 49 gold pieces.

Inventory:

Hand Weapons
 a - a +2 dagger (weapon)
 b - a +0 blowgun
Missiles
 e - 8 poisoned needles
 f - 2 curare-tipped needles
Armour
 c - a +0 robe (worn)
 d - a +0 cloak (worn)
 m - a +0 buckler (worn)
Jewellery
 k - a +4 amulet of reflection (around neck)
Scrolls
 h - a scroll of magic mapping {unknown}
 j - a scroll of amnesia {unknown}
 l - a scroll of identify {unknown}
 p - a scroll of blinking {unknown}
Potions
 i - a potion of lignification {unknown}
 n - a potion of curing {unknown}
 o - 2 potions of flight {unknown}
Comestibles
 g - a bread ration


   Skills:
 - Level 1.7 Fighting
 + Level 2.2 Short Blades
 - Level 1.7 Throwing
 + Level 1.0 Dodging
 + Level 5.3 Stealth
 + Level 1.0 Shields


You had 2 spell levels left.
You didn't know any spells.

Dungeon Overview and Level Annotations

Branches:
Dungeon (1/15)

Altars:


Innate Abilities, Weirdness & Mutations

You have extremely sharp teeth.
When hurt, damage is shared between your health and your magic reserves.
Your bite disrupts and absorbs the magic of your enemies.
Potions and wands cannot restore your health.
You are immune to rotting.


Message History

You hit the worm. You bite the worm. You drain its power.
The worm is moderately wounded.
You hit the worm. You bite the worm. You drain its power.
The worm is heavily wounded.
The worm misses you.
You hit the worm.
The worm is severely wounded.
You hit the worm.
The worm is almost dead.
The worm bites you!
* * * LOW HITPOINT WARNING * * *
You are too injured to fight recklessly!
You are too injured to fight recklessly!
You are too injured to fight recklessly!
You are too injured to fight recklessly!
You see here a kobold corpse.
You hit the worm. You bite the worm. You drain its power.
You feel invigorated.
The worm is heavily wounded.
The worm bites you!
You die...

...#...##.# ####..............
..........#.#.##..........#+#.#.#
.#.#...####>.....................
.#.#...##.#.# ..[.........#.###.#
.#.+......#.# #..........#.# #.#
.#.#...##.#.# #.....)....#.# #.#
.#.#.[.+..#.# #..........#.# #.#
#...##.#.####..........#.###.#
+...+........@w....†........(.
#...#########.................
..... ........................
####. .......)................
.....................÷..
........................
...$......############.#
..........# ##.# ....####### #...


You could see a worm.

Vanquished Creatures
  An adder (D:1)
  A dart slug (D:1)
  2 bats (D:1)
  2 giant cockroaches (D:1)
  A goblin (D:1)
  2 hobgoblins (D:1)
  3 kobolds (D:1)
  3 rats (D:1)
15 creatures vanquished.

Notes
Turn   | Place    | Note
-------+----------+-------------------------------------------
     0 | D:1      | imbaray the Vine Stalker Assassin began the quest for the Orb.
     0 | D:1      | Reached XP level 1. HP: 11/11 MP: 2/2
   156 | D:1      | Reached skill level 5 in Stealth
   183 | D:1      | Reached XP level 2. HP: 14/15 MP: 3/3
   325 | D:1      | Reached skill level 1 in Dodging
   370 | D:1      | Reached XP level 3. HP: 5/18 MP: 4/4
   408 | D:1      | Reached skill level 1 in Shields
   542 | D:1      | Slain by a worm

Skill      XL: |  1  2  3 |
---------------+----------+-----
Short Blades   | 2 |  2.2
Stealth        | 5 |  5.3
Dodging        | 1 |  1.0
Shields        | 1 |  1.0
Fighting       | |  1.7
Throwing       | |  1.7

Action                   || total
-------------------------++-------
Melee: Dagger            ||    58
       Bite              ||    18
 Stab: Sleeping          ||     3
Armor: Robe              ||    12
Dodge: Dodged            ||    26
Block: Buckler           ||    11
